 Dungeon Crawl Stone Soup version 0.30.1-11-g7821555f0a (webtiles) character file.

Game seed: 6992703655552773571

37 Peloso the Covered (level 3, -1/33 HPs)
             Began as a Minotaur Fighter on Oct 28, 2023.
             Slain by a black bear (9 damage)
             ... on level 2 of the Dungeon.
             The game lasted 00:01:59 (1049 turns).

Peloso the Covered (Minotaur Fighter)               Turns: 1049, Time: 00:01:59

Health: -1/33      AC:  9    Str: 20    XL:     3   Next: 23%
Magic:  2/2        EV:  9    Int:  5    God:
Gold:   34         SH:  4    Dex: 11    Spells: 2/2 levels left

rFire   . . .        a - +0 long sword
rCold   . . .        d - +0 buckler
rNeg    . . .        b - +0 scale mail
rPois   .            (helmet restricted)
rElec   .            (no cloak)
rCorr   .            (no gloves)
SInv    .            c - +1 pair of boots
Will    .....        (no amulet) Stlth
                     (no ring)
HPRegen 0.25/turn    (no ring)
MPRegen 0.08/turn

%: no passive effects
@: no status effects
A: horns 2, retaliatory headbutt
a: no special abilities


You were on level 2 of the Dungeon.
You visited 1 branch of the dungeon, and saw 2 of its levels.

You collected 34 gold pieces.

Inventory:

Hand Weapons
 a - a +0 long sword (weapon)
Armour
 b - a +0 scale mail (worn)
 c - a +1 pair of boots (worn)
 d - a +0 buckler (worn)
Scrolls
 e - a scroll of teleportation {unknown}
 j - 2 scrolls of identify {unknown}
 k - 2 scrolls of amnesia {unknown}
 l - a scroll of noise {unknown}
 m - a scroll of enchant armour {unknown}
Potions
 f - a potion of magic {unknown}
 g - 2 potions of invisibility {unknown}
 h - a potion of lignification {unknown}
 i - 2 potions of attraction {unknown}
 n - a potion of might


   Skills:
 + Level 4.1 Fighting
 + Level 2.9 Long Blades
 + Level 4.2 Armour
 + Level 0.1 Dodging
 + Level 4.1 Shields


You had 2 spell levels left.
You didn't know any spells.
Your spell library was empty.

Dungeon Overview and Level Annotations

Branches:
Dungeon (2/15)

Altars:
Zin


Innate Abilities, Weirdness & Mutations

You have a pair of horns on your head.
You reflexively headbutt those who attack you in melee.


Message History

The black bear is moderately wounded.
The black bear bites you but does no damage.
You block the black bear's attack. x2; The black bear barely misses you.
You furiously retaliate!
You headbutt the black bear.
The black bear claws you but does no damage. x2
You barely miss the black bear.
The black bear is moderately wounded.
The black bear barely misses you. The black bear claws you.
The black bear completely misses you.
You hit the black bear. You headbutt the black bear!
The black bear is severely wounded.
The black bear barely misses you.
The black bear claws you but does no damage.
You block the black bear's attack.
You hit the black bear but do no damage.
The black bear is severely wounded.
The black bear bites you. The black bear claws you.
The black bear claws you but does no damage.
You barely miss the black bear.
The black bear is severely wounded.
The black bear misses you. The black bear closely misses you.
The black bear claws you but does no damage.
You block the black bear's attack. x2; The black bear claws you.
You barely miss the black bear.
The black bear is severely wounded.
The black bear bites you. The black bear barely misses you.
The black bear claws you but does no damage.
You hit the black bear but do no damage.
You headbutt the black bear.
The black bear is almost dead.
The black bear goes berserk!
You hit the black bear but do no damage.
The black bear is almost dead.
The black bear bites you.
* * * LOW HITPOINT WARNING * * *
The black bear claws you.
* * * LOW HITPOINT WARNING * * *
The black bear claws you but does no damage.
The black bear bites you!
You die...

.....########
.......<....+
............#
............#
............#
..........†.#
.....#####.##
##########h#######
#....@......#
#.###.#####.# #.#
#.# #.. #.. #..
#...


You could see a black bear (berserk).

Vanquished Creatures
  3 dart slugs (D:1)
  3 bats (D:1)
  4 endoplasms (D:1)
  A giant cockroach (D:1)
  2 goblins (D:1)
  4 quokkas (D:1)
  4 ball pythons
  A frilled lizard (D:1)
  5 kobolds (D:1)
  2 rats (D:1)
29 creatures vanquished.

Notes
Turn   | Place    | Note
-------+----------+-------------------------------------------
     0 | D:1      | Peloso the Minotaur Fighter began the quest for the Orb.
     0 | D:1      | Reached XP level 1. HP: 19/19 MP: 0/0
   180 | D:1      | Reached XP level 2. HP: 27/27 MP: 1/1
   226 | D:1      | Found a glowing silver altar of Zin.
   655 | D:1      | Reached XP level 3. HP: 27/33 MP: 2/2
  1028 | D:2      | Noticed a black bear
  1049 | D:2      | Slain by a black bear

Illustrated notes

Levels and vault maps discovered:
D:1:      lemuel_arrival_funnel, layout_basic, minmay_hexomino_r4
D:2:      layout_basic, minmay_cut_off

Skill      XL: |  1  2 |
---------------+-------+-----
Shields        | 4 |  4.1
Armour         | 4 |  4.2
Fighting       | 4 |  4.1
Long Blades    | |  2.9
Dodging        | |  0.1

Action                     || total
---------------------------++-------
  Melee: Long sword        ||    73
         Headbutt          ||    13
 Armour: Scale mail        ||    46
  Dodge: Dodged            ||    41
  Block: Buckler           ||    25
